Description

maru vs byru

Replay - ByuN v maru: Game 2 - [ESL] Data-C

Build Order

Get SALT Encoding   

  12  0:00  SCV  
  13  0:12  SCV  
  14  0:16  Supply Depot  
  14  0:24  SCV  
  15  0:38  SCV  
  15  0:39  Barracks  
  16  0:43  Refinery  
  16  0:50  SCV  
  16  0:53  Refinery  
  17  1:02  SCV  
  18  1:14  SCV  
  19  1:26  Orbital Command, Reaper  
  20  1:35  Supply Depot  
  20  1:42  Factory  
  20  1:52  SCV  
  21  2:00  Barracks Reactor  
  21  2:04  SCV  
  22  2:16  SCV  
  22  2:21  Command Center  
  23  2:28  Hellion  
  27  2:37  Reaper x2  
  27  2:41  Supply Depot  
  29  2:49  Hellion  
  31  2:58  Starport  
  32  3:12  Marine x2  
  34  3:13  Factory Tech Lab  
  35  3:23  Refinery  
  36  3:32  Cyclone  
  39  3:38  Orbital Command  
  34  3:51  Marine x2  
  34  3:53  Medivac  
  39  4:07  Siege Tank  
  43  4:10  Marine x2  
  43  4:16  Supply Depot  
  47  4:23  Starport Tech Lab  
  47  4:28  Marine x2  
  52  4:46  Raven, Marine x2  
  52  4:47  Siege Tank  
  52  4:51  Supply Depot  
  53  5:25  Command Center  
  54  5:30  Raven  
  54  5:32  Siege Tank  
  62  5:48  Refinery  
  63  6:13  Raven  
  63  6:15  Siege Tank  
  72  6:22  Barracks x2  
  74  6:33  Engineering Bay x2  
  74  6:37  Orbital Command  
  78  6:48  Siege Tank  
  83  7:00  Terran Infantry Weapons Level 1  
  83  7:01  Terran Infantry Armor Level 1  
  80  7:14  Orbital Command  
  77  7:17  Viking x2  
  77  7:18  Barracks Reactor x2  
  82  7:23  Barracks x2  
  83  7:37  Siege Tank  
  90  7:45  Missile Turret x2  
  92  7:52  Sensor Tower  
  99  8:00  Refinery x2  
  101  8:09  Missile Turret  
  101  8:12  Barracks Reactor x2  
  101  8:14  Armory  
  110  8:32  Barracks Tech Lab  
  111  8:36  Siege Tank  
  111  8:38  Viking x2  
  117  8:47  Command Center  
  117  8:52  Missile Turret  
  123  8:59  Factory  
  123  9:01  Terran Vehicle Weapons Level 1  
  123  9:06  Terran Infantry Weapons Level 2, Terran Infantry Armor Level 2  
  124  9:13  Siege Tank  
  124  9:18  Viking  
  126  9:28  Liberator  
  135  9:43  Factory Tech Lab  
  136  9:46  Siege Tank  
  136  9:49  Barracks Tech Lab  
  129  9:53  Viking  
  129  9:54  Barracks Reactor, Barracks Tech Lab  
Spawning Tool Build Advisor. Get it on Overwolf

Go to:

Details

  • Created by: neoaer
  • Published on: Sep 21, 2022
  • Modified on: Sep 21, 2022
  • Patch: 4.11.0
  • Difficulty: Medium
Show
View Real Time Build Order
Export as new Build Order

Comments (0)

There are no comments. Be the first!

Create an account to comment!